 Dungeon Crawl Stone Soup version 0.28.0-49-g6dfe1f597d (webtiles) character file.

Game seed: 4911445283552683859

2777 firemarshallily the Frost Mage (level 9, -2/57 HPs)
             Began as a Merfolk Ice Elementalist on May 15, 2022.
             Was a High Priest of Kikubaaqudgha.
             Slain by Erica
             ... wielding a +2 scimitar of flaming
              (9 damage)
             ... on level 8 of the Dungeon.
             The game lasted 00:44:21 (9276 turns).

firemarshallily the Frost Mage (MfIE)               Turns: 9276, Time: 00:44:26

Health: -2/57      AC: 12    Str:  8    XL:     9   Next: 70%
Magic:  3/20       EV: 13    Int: 19    God:    Kikubaaqudgha [*****.]
Gold:   482        SH:  5    Dex: 14    Spells: 7/23 levels left

rFire   . . .      SeeInvis .   o - +1 spear (flame)
rCold   . . .      Faith    .   (no shield)
rNeg    . . .      Spirit   .   a - +0 robe
rPois   .          Reflect  +   (no helmet)
rElec   .          Harm     .   (no cloak)
rCorr   .          Rampage  .   c - +1 pair of gloves
Will    .....                   (no boots)
Stlth   ++........              v - amulet of reflection
HPRegen 0.19/turn               (no ring)
MPRegen 0.17/turn               (no ring)

@: ice-armoured, freezing walls
A: (nimble swimmer 2), mertail
a: Renounce Religion, Receive Corpses, Torment


You were on level 8 of the Dungeon.
You worshipped Kikubaaqudgha.
Kikubaaqudgha was extremely pleased with you.
You visited 1 branch of the dungeon, and saw 8 of its levels.
You also visited: Ossuary.

You collected 482 gold pieces.

Inventory:

Hand Weapons
 d - a +0 rapier
 e - a +0 hunting sling
 m - a +0 spear of venom
 o - a +1 spear of flaming (weapon)
Missiles
 b - 170 stones (quivered)
 l - 2 throwing nets
 q - 22 sling bullets
 F - 5 poisoned darts
Armour
 a - a +0 robe (worn)
 c - a +1 pair of gloves (worn)
Magical Staves
 I - a staff of fire
Jewellery
 v - an amulet of reflection (around neck)
 x - an amulet of the acrobat
 H - a ring of fire
Wands
 h - a wand of flame (21)
 r - a wand of iceblast (9)
Scrolls
 i - a scroll of fear
 n - a scroll of immolation
 p - a scroll of fog
 s - 2 scrolls of amnesia
 t - a scroll of identify
 y - a scroll of silence {unknown}
 C - a scroll of summoning {unknown}
 G - a scroll of vulnerability {unknown}
Potions
 f - 2 potions of brilliance
 g - a potion of resistance
 j - 2 potions of heal wounds
 k - 2 potions of curing
 u - a potion of invisibility {unknown}
 w - a potion of mutation {unknown}
 z - 2 potions of cancellation {unknown}
 A - a potion of haste {unknown}
 B - a potion of flight {unknown}
 D - a potion of magic {unknown}
 E - 2 potions of berserk rage {unknown}


   Skills:
 - Level 0.3 Short Blades
 - Level 1.0 Polearms
 - Level 3.0 Dodging
 - Level 2.1 Stealth
 * Level 7.8 Spellcasting
 + Level 2.2 Conjurations
 + Level 5.0 Summonings
 - Level 1.1 Necromancy
 + Level 9.5 Ice Magic


You had 7 spell levels left.
You knew the following spells:

 Your Spells              Type           Power      Damage    Failure   Level
a - Freeze                Ice            100%       1d11      1%          1
b - Frozen Ramparts       Ice            86%        1d10      1%          3
c - Ozocubu's Armour      Ice            43%        N/A       1%          3
d - Animate Skeleton      Necr           22%        N/A       6%          1
e - Summon Small Mammal   Summ           100%       N/A       1%          1
f - Hailstorm             Conj/Ice       29%        3d8       9%          4
g - Call Canine Familiar  Summ           26%        N/A       3%          3

Your spell library contained the following spells:

 Spells                   Type           Power      Damage    Failure   Level
 Pain                     Necr           44%        1d6       6%          1
 Apportation              Tloc           14%        N/A       10%         1
 Sting                    Tmut/Pois      28%        1d4       10%         1
 Poisonous Vapours        Pois/Air       14%        N/A       14%         2
 Vampiric Draining        Necr           11%        2d6       17%         3
 Portal Projectile        Hex/Tloc       14%        N/A       28%         3
 Animate Dead             Necr           5%         N/A       50%         4
 Dispel Undead            Necr           11%        3d9       50%         4
 Anguish                  Hex/Necr       4%         N/A       58%         4
 Leda's Liquefaction      Hex/Erth       3%         N/A       67%         4
 Olgreb's Toxic Radiance  Pois           7%         N/A       67%         4
 Agony                    Necr           11%        N/A       85%         5
 Borgnjor's Vile Clutch   Necr/Erth      4%         N/A       90%         5
 Death Channel            Necr           5%         N/A       100%        6


Dungeon Overview and Level Annotations

Branches:
Dungeon (8/15)             Temple (0/1) D:5         Ossuary (visited)
   Lair: D:8-11

Altars:
Kikubaaqudgha
Uskayaw

Annotations:
D:6 exclusion: two-headed ogre
D:8 Erica


Innate Abilities, Weirdness & Mutations

((You are very nimble when in or above water. (Stealth+, EV+, Speed+++)))
Your lower body shifts to a powerful aquatic tail in water.


Message History

Erica burns you. The heat melts your icy armour.
You barely miss Erica.
Erica is moderately wounded.
Your bat closely misses Erica.
Erica resists.
The wall freezes Erica.
Erica points at you and mumbles some strange words.
The bolt of poison hits you!!
You are poisoned.
* * * LOW HITPOINT WARNING * * *
You feel much better.
You feel very sick.
Your bat hits Erica.
The wall freezes the orc.
The orc misses your bat.
Erica completely resists.
The wall freezes Erica but does no damage.
You block Erica's attack.
You feel better.
The wall freezes the orc.
Erica resists.
The wall freezes Erica.
Erica closely misses you.
Casting: Freeze (safe; 1% risk of failure)
Confirm with . or Enter, or press ? or * to list all spells.
Aiming: Freeze (safe; 1% risk of failure)
Press: ? - help, Shift-Dir - straight line, f - Erica
Aim: Erica, wielding a +2 scimitar of flaming and wearing a +2 robe of cold resistance (moderately wounded, ally target)
You freeze Erica.
Erica resists.
Erica is heavily wounded.
Your bat hits Erica but does no damage.
The wall freezes the orc.
You kill the orc!
Kikubaaqudgha accepts your kill.
Erica resists.
The wall freezes Erica.
Erica hits you with a +2 scimitar of flaming!
Erica burns you. The heat melts your icy armour.
As you read the scroll of fear, it crumbles to dust.
You assume a fearsome visage.
Erica looks frightened!
Your bat hits Erica but does no damage.
Erica resists.
The wall freezes Erica.
Your attack snaps Erica out of her fear.
Erica hits you with a +2 scimitar of flaming!
* * * LOW HITPOINT WARNING * * *
Erica burns you!
You die...
Kikubaaqudgha rasps: "You have failed me!
Welcome... death!"

#.###.####.##
#.# #.# # # ##.#
.# #..# #$
#.####. #.##.^ #
#.##.# #.##.##.#
##......@#
..[.....b)@#
######....)#
.........)ยง....
####.......###o
#...h...#
#.....(.#
#.......#
#...>...#


You could see Erica (ally target), a friendly hound (summoned, confused) and a
friendly bat (summoned).

Vanquished Creatures
  A water moccasin (D:7)
  A sky beast (D:5)
  3 black bears
  A hornet zombie (D:7)
  A necrophage (D:7)
  An orc warrior (D:6)
  2 centaurs
  4 ogres
  An elf zombie (Ossuary)
  A bullfrog (D:8)
  2 scorpions
  2 wights (D:8)
  3 centaur zombies
  A bullfrog zombie (D:5)
  3 orc priests
  A gnoll shaman (D:6)
  2 hounds (D:6)
  A jelly (D:6)
  A human zombie (Ossuary)
  Ijyb (D:4)
  2 iguanas
  4 orc wizards (D:6)
  A mummy (Ossuary)
  9 adders
  16 gnolls
  A howler monkey skeleton (D:7)
  2 white imps (D:5)
  An ufetubus (D:5)
  An adder skeleton (D:4)
  3 worms
  A dart slug (D:2)
  9 orcs
  13 ball pythons
  13 endoplasms
  5 giant cockroaches
  6 goblins
  6 hobgoblins
  3 quokkas
  4 bats
  3 frilled lizards
  A goblin zombie (Ossuary)
  5 hobgoblin zombies (Ossuary)
  3 jackal zombies (Ossuary)
  4 kobolds
  5 kobold zombies (Ossuary)
  7 rats
  A rat zombie (Ossuary)
  A spectral hobgoblin (D:1)
163 creatures vanquished.

Vanquished Creatures (collateral kills)
  2 elf zombies (Ossuary)
  A wight (D:8)
  A centaur zombie (D:8)
  A human zombie (Ossuary)
  2 mummies (Ossuary)
  A gnoll (D:6)
  An adder skeleton (D:4)
  3 adder zombies (Ossuary)
  2 goblin zombies (Ossuary)
  A hobgoblin zombie (Ossuary)
  A kobold zombie (Ossuary)
  3 orc zombies (Ossuary)
  3 quokka zombies (Ossuary)
  A rat zombie (Ossuary)
23 creatures vanquished.

Vanquished Creatures (others)
  4 plants (D:2)
4 creatures vanquished.

Grand Total: 190 creatures vanquished

Notes
Turn   | Place    | Note
-------+----------+-------------------------------------------
     0 | D:1      | firemarshallily the Merfolk Ice Elementalist began the
                  | quest for the Orb.
     0 | D:1      | Reached XP level 1. HP: 13/13 MP: 3/3
   361 | D:1      | Reached XP level 2. HP: 19/19 MP: 1/5
   406 | D:1      | Found a faded altar of an unknown god.
   478 | D:1      | Prayed at the altar of an unknown god.
   478 | D:1      | Became a worshipper of Kikubaaqudgha
   478 | D:1      | Reached * piety under Kikubaaqudgha
   478 | D:1      | Received a gift from Kikubaaqudgha
  1119 | D:2      | Reached XP level 3. HP: 18/24 MP: 1/6
  1130 | D:2      | Learned a level 3 spell: Frozen Ramparts
  1134 | D:2      | Learned a level 3 spell: Ozocubu's Armour
  1259 | D:2      | Reached skill level 5 in Ice Magic
  1336 | D:2      | Reached skill level 1 in Polearms
  1463 | D:2      | Reached XP level 4. HP: 25/30 MP: 5/8
  1574 | D:2      | Reached ** piety under Kikubaaqudgha
  2647 | D:3      | Noticed a black bear
  2670 | D:3      | Killed a black bear
  2671 | D:3      | Reached skill level 1 in Necromancy
  2671 | D:3      | Reached XP level 5. HP: 11/35 MP: 0/10
  2673 | D:3      | Learned a level 1 spell: Animate Skeleton
  2675 | D:3      | Learned a level 1 spell: Summon Small Mammal
  3327 | D:4      | Noticed Ijyb
  3373 | D:4      | Reached XP level 6. HP: 22/41 MP: 1/11
  3375 | D:4      | Reached skill level 6 in Ice Magic
  3667 | D:4      | Killed Ijyb
  3670 | D:4      | Reached skill level 1 in Summonings
  3801 | D:4      | Reached *** piety under Kikubaaqudgha
  3801 | D:4      | Received a gift from Kikubaaqudgha
  4495 | D:5      | Entered Level 5 of the Dungeon
  4538 | D:5      | Reached XP level 7. HP: 46/46 MP: 2/13
  4728 | D:5      | Found a staircase to the Ecumenical Temple.
  4951 | D:5      | Reached skill level 7 in Ice Magic
  5058 | D:5      | Reached skill level 5 in Spellcasting
  5602 | D:5      | Reached XP level 8. HP: 47/52 MP: 4/16
  6087 | D:6      | Reached skill level 8 in Ice Magic
  6092 | D:6      | Reached **** piety under Kikubaaqudgha
  6333 | D:6      | Found a hide-covered altar of Uskayaw.
  6346 | D:6      | Noticed a two-headed ogre
  7091 | D:7      | Learned a level 4 spell: Hailstorm
  7181 | D:7      | Reached XP level 9. HP: 25/57 MP: 8/19
  7366 | D:7      | Learned a level 3 spell: Call Canine Familiar
  7397 | D:7      | Reached skill level 9 in Ice Magic
  7427 | D:7      | Reached skill level 1 in Conjurations
  7518 | D:7      | Found a sand-covered staircase.
  7535 | Ossuary  | Entered an ossuary
  8572 | D:7      | Noticed a freezing wraith
  8778 | D:7      | Noticed a skeletal warrior
  8780 | D:7      | Noticed a death knight
  8780 | D:7      | Noticed a phantasmal warrior
  9040 | D:8      | Reached ***** piety under Kikubaaqudgha
  9257 | D:8      | Noticed Erica
  9259 | D:8      | Reached skill level 5 in Summonings
  9276 | D:8      | Slain by Erica

Illustrated notes

Levels and vault maps discovered:
D:1:      dpeg_arrival_rhombi, layout_basic,
          dreamdust_ecumenical_altar_drowned_temple,
          nicolae_concentric_dashed_squares_wild
D:2:      cheibrodos_old_hovel, layout_loops_ring
D:3:      layout_loops_ring, grunt_ministairs_12, nicolae_underground_beach
D:4:      layout_rooms, uniq_ijyb
D:5:      layout_layer_cave, minmay_temple_entry_arrows
D:6:      layout_loops_ring, old_standard_altar
D:7:      layout_rooms, nicolae_ossuary_entry_false_entrances
D:8:      layout_loops_ring, serial_shops, shop_fountains, uniq_harold,
          uniq_erica

Skill      XL: |  1  2  3  4  5  6  7  8  9 |
---------------+----------------------------+-----
Dodging        | 3 |  3.0
Ice Magic      | 5 6 7 8 9 |  9.5
Polearms       | 1 |  1.0
Spellcasting   | 3 4 5 6 7 |  7.8
Necromancy     | 1 |  1.1
Summonings     | 1 2 4 5 |  5.0
Conjurations   | 2 |  2.2
Short Blades   | |  0.3
Stealth        | |  2.1

Action                   |  1- 3 |  4- 6 |  7- 9 || total
-------------------------+-------+-------+-------++-------
Melee: Rapier            |     9 |       |       ||     9
       Spear             |    19 |    70 |   210 ||   299
       Punch             |       |     1 |     3 ||     4
Throw: Stone             |     1 |     5 |       ||     6
 Cast: Freeze            |    41 |    48 |    31 ||   120
       Frozen Ramparts   |       |    22 |    58 ||    80
       Ozocubu's Armour  |       |     5 |    30 ||    35
       Summon Small Mamm |       |    13 |    60 ||    73
       Call Canine Famil |       |       |    17 ||    17
  Use: Scroll            |       |     5 |     9 ||    14
       Potion            |       |     2 |     4 ||     6
 Stab: Sleeping          |     5 |     6 |       ||    11
       Distracted        |       |       |     1 ||     1
Armor: Robe              |     6 |    27 |    60 ||    93
Dodge: Dodged            |    25 |    75 |   111 ||   211
Block: Other             |       |       |    37 ||    37
       Reflection        |       |       |     1 ||     1
